cohdb
Replays
Latest Replays
All Replays
Popular Replays
Top Player Replays
Match Explorer
How It Works
Community
CoH3 Stats
Reddit
Sign in to upload your games and track your stats! →
Sign in with Steam
Match 41399649
Unlisted
Match 41399649
Overview
Messages
Build Orders
End
Selects Armored Battlegroup
Selects Assault Engineers
Assault Engineer Squad
Construct Weapon Support Center
Assault Engineer Squad
M1919 Machine Gun Team
M1919 Machine Gun Team
Air Support Center
M3 Armored Personnel Carrier
M3 Armored Personnel Carrier
Selects M31 Recovery Vehicle
M31 Recovery Vehicle
M3 Armored Personnel Carrier
Assault Engineer Squad
Assault Engineer Squad
M3 Armored Personnel Carrier
M3 Armored Personnel Carrier
Selects War Machine
Selects Strength in Steel
M1919 Machine Gun Team
Tvman265
SLIM
koba (Monkey man)
MiGo$
Freeze
KoMoDЫ4
PartTime_RebeL
Hauptmann GLIST
0
0
Comments
sign in to comment!
No comments posted yet!